 Dungeon Crawl Stone Soup version 0.29.1-13-g9f3cf754e1 (webtiles) character file.

Game seed: 819450490705129617

48 DildoBatman the Conjurer (level 4, 0/32 HPs)
             Began as a Formicid Conjurer on Jan 23, 2023.
             Slain by a worm (6 damage)
             ... on level 2 of the Dungeon.
             The game lasted 00:02:38 (1111 turns).

DildoBatman the Conjurer (Formicid Conjurer)        Turns: 1111, Time: 00:02:38

Health: 0/32       AC:  2    Str: 12    XL:     4   Next: 0%
Magic:  6/8        EV:  9    Int: 19    God:
Gold:   15         SH:  0    Dex: 12    Spells: 5/8 levels left

rFire   . . .      SeeInvis +   g - +0 spear
rCold   . . .      Faith    .   (no shield)
rNeg    . . .      Spirit   .   a - +0 robe
rPois   .          Reflect  .   (helmet unavailable)
rElec   .          Harm     .   (no cloak)
rCorr   .          Rampage  .   (no gloves)
Will    .....                   (no boots)
Stlth   ++........              (no amulet)
HPRegen 0.10/turn               (no ring)
MPRegen 0.11/turn               (no ring)

@: lethally poisoned (0 -> -3), constricted
A: permanent stasis, dig shafts and tunnels, antennae 3, four strong arms
a: Dig, Shaft Self


You were on level 2 of the Dungeon.
You visited 1 branch of the dungeon, and saw 2 of its levels.

You collected 15 gold pieces.

Inventory:

Hand Weapons
 c - a +0 dagger
 e - a +0 short sword
 g - a +0 spear (weapon)
Armour
 a - a +0 robe (worn)
Scrolls
 f - 2 scrolls of fear {unknown}
 h - a scroll of enchant weapon {unknown}
 i - a scroll of teleportation {unknown}
 j - a scroll of amnesia {unknown}
Potions
 b - a potion of magic
 d - a potion of attraction {unknown}


   Skills:
 * Level 1.4 Fighting
 * Level 1.3 Armour
 - Level 2.0 Dodging
 - Level 2.4 Stealth
 * Level 2.7 Spellcasting
 * Level 3.9 Conjurations


You had 5 spell levels left.
You knew the following spells:

 Your Spells              Type           Power      Damage    Failure   Level
a - Searing Ray           Conj           34%        2d5       4%          2
c - Magic Dart            Conj           68%        1d6       3%          1

Your spell library contained the following spells:

 Spells                   Type           Power      Damage    Failure   Level
 Dazzling Flash           Conj/Hex       20%        N/A       21%         3
 Fulminant Prism          Conj/Hex       5%         3d7       56%         4
 Iskenderun's Mystic Bla  Conj/Tloc      10%        2d4       56%         4
 Chain Lightning          Conj/Air       5%         3d6       100%        9
 Fire Storm               Conj/Fire      5%         8d1       100%        9
 Shatter                  Erth           1%         3d5*      100%        9


Dungeon Overview and Level Annotations

Branches:
Dungeon (2/15)

Altars:


Innate Abilities, Weirdness & Mutations

You cannot be hasted, slowed, berserked, paralysed or teleported.
You can dig through walls and to a lower floor.
You have a pair of large antennae on your head. (SInv)
Your four strong arms can wield two-handed weapons with a shield.


Message History

The ball python misses you. The ball python constricts you.
What are your orders? t - Shout!
Orders for allies: a - Attack new target. r - Retreat! s - Stop attacking. g - Guard the area. f - Follow me.
Anything else - Cancel.
You shout for attention!
The adder bites you.
You are poisoned.
The adder poisons you! The ball python closely misses you.
The ball python constricts you. What are your orders? t - Shout!
Orders for allies: a - Attack new target. r - Retreat! s - Stop attacking. g - Guard the area. f - Follow me.
Anything else - Cancel.
You shout for attention!
You feel sick. The adder closely misses you. The ball python barely misses you.
The ball python constricts you. The worm bites you.
The adder bites you but does no damage. What are your orders? t - Shout!
Orders for allies: a - Attack new target. r - Retreat! s - Stop attacking. g - Guard the area. f - Follow me.
Anything else - Cancel.
You shout for attention!
You feel sick. The ball python bites you. The ball python constricts you.
The adder bites you. The worm bites you.
You die...

........# #..... ..........
#......#...#..... #........#
#......#...##.... #
#.......###......#...#.....
..#..............†.#...#.....
.........####......#...#.....
..............####.#...#.....
............S.####'#...#.....
....>....)..@....†.)...'.....
.........###Sw.........#.##..
.#.#.##!## #...........#.##..
.. .... ..................
... ..... ..............##..
#......#......###............
#{...#. .....................
...#. ......$..............


You could see a worm, an adder and a ball python.

Vanquished Creatures
  An adder (D:2)
  2 dart slugs (D:1)
  9 ball pythons
  2 bats (D:1)
  2 endoplasms (D:2)
  3 goblins (D:1)
  2 hobgoblins (D:1)
  2 quokkas
  2 frilled lizards (D:1)
  5 kobolds
  3 rats (D:1)
33 creatures vanquished.

Notes
Turn   | Place    | Note
-------+----------+-------------------------------------------
     0 | D:1      | DildoBatman the Formicid Conjurer began the quest for the
                  | Orb.
     0 | D:1      | Reached XP level 1. HP: 13/13 MP: 3/3
   189 | D:1      | Reached XP level 2. HP: 20/20 MP: 0/5
   192 | D:1      | Learned a level 2 spell: Searing Ray
   546 | D:1      | Reached skill level 1 in Fighting
   546 | D:1      | Reached skill level 1 in Armour
   546 | D:1      | Reached XP level 3. HP: 26/26 MP: 2/6
  1095 | D:2      | Reached XP level 4. HP: 32/32 MP: 4/8
  1111 | D:2      | Slain by a worm

Illustrated notes

Levels and vault maps discovered:
D:1:      evilmike_arrival_rings, layout_rooms, minivault_24,
          serial_bayou_pond_a, chequers_arboretum, minmay_surrounded
D:2:      layout_basic

Skill      XL: |  1  2 |
---------------+-------+-----
Dodging        | 2 |  2.0
Fighting       | 1 |  1.4
Armour         | 1 |  1.3
Stealth        | |  2.4
Spellcasting   | |  2.7
Conjurations   | |  3.9

Action                   |  1- 3 |  4- 6 || total
-------------------------+-------+-------++-------
Melee: Short sword       |     6 |       ||     6
 Cast: Magic Dart        |    35 |       ||    35
       Searing Ray       |     8 |       ||     8
 Abil: Dig               |     1 |       ||     1
Armor: Robe              |     1 |     1 ||     2
Dodge: Dodged            |    11 |    13 ||    24
